 Dungeon Crawl Stone Soup version 0.21-a0-508-gf08a75f (webtiles) character file.

137 tof the Firebug (level 5, 0/35 HPs)
             Began as a Demonspawn Fire Elementalist on Nov 28, 2017.
             Slain by Sigmund
             ... wielding a +0 scythe
              (11 damage)
             ... on level 4 of the Dungeon.
             The game lasted 00:06:13 (3242 turns).

tof the Firebug (Demonspawn Fire Elementalist)      Turns: 3242, Time: 00:06:14

Health: 0/35       AC:  4    Str:  8    XL:     5   Next: 0%
Magic:  5/8        EV: 12    Int: 17    God:
Gold:   141        SH:  0    Dex: 14    Spells: 8/9 levels left

rFire    . . .     SeeInvis .     - Unarmed
rCold    . . .     Gourm    .   (no shield)
rNeg     . . .     Faith    .   l - +0 leather armour
rPois    .         Spirit   .   (no helmet)
rElec    .         Reflect  .   (no cloak)
rCorr    .         Harm     .   f - +0 pair of gloves
MR       .....                  (no boots)
Stlth    ++........             (no amulet)
HPRegen  0.11/turn              (no ring)
MPRegen  0.11/turn              (no ring)

@: very slightly contaminated
A: claws 1, spiny 1
a: no special abilities


You were on level 4 of the Dungeon.
You were not hungry.

You visited 1 branch of the dungeon, and saw 4 of its levels.

You collected 141 gold pieces.

Inventory:

Missiles
 p - a throwing net (quivered)
Armour
 a - a +0 robe
 f - a +0 pair of gloves (worn)
 j - a +0 large shield
 l - a +0 leather armour (worn)
Scrolls
 e - 2 scrolls of noise {unknown}
 h - 11 scrolls of identify {unknown}
 m - a scroll of blinking {unknown}
 n - a scroll of teleportation {unknown}
 o - a scroll of amnesia {unknown}
 s - a scroll of magic mapping {unknown}
 t - a scroll of fear {unknown}
Potions
 g - a potion of agility {unknown}
 i - a potion of degeneration {unknown}
 k - 2 potions of heal wounds {unknown}
 q - a potion of mutation {unknown}
 r - 2 potions of flight {unknown}
Books
 b - a book of Flames

   Spells                             Type                      Level
   a - Flame Tongue                   Conjuration/Fire             1
   b - Throw Flame                    Conjuration/Fire             2
   c - Conjure Flame                  Conjuration/Fire             3
   d - Inner Flame                    Hexes/Fire                   3
   e - Sticky Flame                   Conjuration/Fire             4
   f - Fireball                       Conjuration/Fire             5
 v - a book of Cantrips

   Spells                             Type                      Level
   a - Confusing Touch                Hexes                        1
   b - Animate Skeleton               Necromancy                   1
   c - Summon Small Mammal            Summoning                    1
   d - Apportation                    Translocation                1
Comestibles
 c - a bread ration
 d - 2 meat rations


   Skills:
 + Level 2.5 Dodging
 + Level 2.5 Stealth
 + Level 1.0 Shields
 + Level 1.1 Unarmed Combat
 + Level 2.6 Spellcasting
 + Level 2.0 Conjurations
 + Level 3.1 Fire Magic


You had 8 spell levels left.
You knew the following spells:

 Your Spells              Type           Power        Failure   Level  Hunger
a - Flame Tongue          Conj/Fire      ##...        9%          1    #......


Dungeon Overview and Level Annotations

Branches:
Dungeon (4/15)
 Temple: D:4-7

Altars:
Zin

Annotations:
D:3 MenacingMecha's ghost, amateur GnSk
D:4 Sigmund


Innate Abilities, Weirdness & Mutations

You have sharp fingernails.
You are partially covered in sharp spines.


Message History

The puff of flame hits you!
Casting: Flame Tongue
Confirm with . or Enter, or press ? or * to list all spells.
Aiming: Flame Tongue
Press: ? - help, Shift-Dir - straight line, f/p - Sigmund
Aim: Sigmund, wielding a scythe and wearing a robe (lightly wounded)
The flame tongue hits Sigmund.
Sigmund is moderately wounded.
Sigmund gestures at you while chanting. You resist with some effort.
You hit Sigmund but do no damage.
Sigmund is moderately wounded.
Sigmund whispers, "You'll know eternity soon."
Sigmund hits you but does no damage.
You closely miss Sigmund.
Sigmund is moderately wounded.
You closely miss Sigmund.
Sigmund is moderately wounded.
Sigmund hits you with a scythe!
You die...

#.##.....^. #
#.#......[. #.
#.#....%?..
#.##.#....[...
####....#........
........#........
#....รท.......#
.....##.##.......
..# #@@a.......
####.......
....... .......
....... .......


You could see Sigmund and a worker ant.

Vanquished Creatures
  A centaur skeleton (D:3)
  6 adders
  2 oozes
  A worm (D:3)
  A dart slug (D:1)
  2 leopard geckos (D:1)
  An orc (D:3)
  6 bats
  3 giant cockroaches
  3 hobgoblins (D:2)
  2 jackals (D:1)
  4 frilled lizards
  4 kobolds
  8 rats
44 creatures vanquished.

Notes
Turn   | Place    | Note
-------+----------+-------------------------------------------
     0 | D:1      | tof the Demonspawn Fire Elementalist began the quest for the Orb.
     0 | D:1      | Reached XP level 1. HP: 13/13 MP: 3/3
   358 | D:1      | Gained mutation: You have sharp fingernails. [demonic ancestry]
   358 | D:1      | Reached XP level 2. HP: 19/19 MP: 1/5
  1024 | D:2      | Reached XP level 3. HP: 19/24 MP: 1/6
  1352 | D:2      | Reached skill level 3 in Fire Magic
  1835 | D:2      | Gained mutation: You are partially covered in sharp spines. [demonic ancestry]
  1835 | D:2      | Reached XP level 4. HP: 27/30 MP: 4/7
  2103 | D:3      | Noticed MenacingMecha's ghost (amateur GnSk)
  2192 | D:3      | Reached skill level 1 in Unarmed Combat
  2469 | D:3      | Reached skill level 1 in Shields
  2845 | D:3      | Found a glowing silver altar of Zin.
  2883 | D:3      | Reached XP level 5. HP: 35/35 MP: 6/8
  2936 | D:4      | Noticed Sigmund
  3242 | D:4      | Slain by Sigmund

Vault maps used:
D:1:      dpeg_chamrin_arrival_tetris
D:2:      grunt_ministairs_6, minmay_box_of_dots
D:3:      overflow_temple_1_default, cheibrodos_sewer_entry_bend
D:4:      old_standard_altar, old_standard_altar, first_bread, uniq_sigmund,
          uniq_duvessa

Skill      XL: |  1  2  3  4 |
---------------+-------------+-----
Stealth        | 2 |  2.5
Dodging        | 2 |  2.5
Fire Magic     | 3 |  3.1
Unarmed Combat | 1 |  1.1
Shields        | 1 |  1.0
Conjurations   | 2 |  2.0
Spellcasting   | |  2.6

Action                   |  1- 3 |  4- 6 || total
-------------------------+-------+-------++-------
Melee: Unarmed           |    75 |    41 ||   116
 Cast: Flame Tongue      |    43 |    22 ||    65
 Stab: Sleeping          |     1 |     1 ||     2
  Eat: Chunk             |     3 |     1 ||     4
       Bread ration      |       |     1 ||     1
Armor: Robe              |     9 |       ||     9
       Leather armour    |    15 |     7 ||    22
Dodge: Dodged            |    69 |    24 ||    93

Table legend:
 A = Spawn XP
 B = Non-spawn XP
 C = Spawn XP percentage of total XP
 D = Spawn monster count
 E = Non-spawn monster count
 F = Spawn count percentage of total count
 G = Total turns spent on level
                    A         B        C        D         E        F      G
               +---------+---------+-------+---------+---------+-------+---------
         Total |       0 |     197 |   0.0 |       0 |      44 |   0.0 |  3242
               +---------+---------+-------+---------+---------+-------+---------
           D:1 |       0 |      35 |   0.0 |       0 |      17 |   0.0 |   991
           D:2 |       0 |      69 |   0.0 |       0 |      14 |   0.0 |  1185
           D:3 |       0 |      92 |   0.0 |       0 |      12 |   0.0 |  1032
           D:4 |       0 |       1 |   0.0 |       0 |       1 |   0.0 |    34
               +---------+---------+-------+---------+---------+-------+---------
